 Dungeon Crawl Stone Soup version 0.21.1-1-g345015f (webtiles) character file.

1035 tidbits the Charmwright (level 8, -6/63 HPs)
             Began as a Gnoll Skald on June 29, 2018.
             Mangled by an orc warrior
             ... wielding a +0 halberd
              (15 damage)
             ... on level 7 of the Dungeon.
             The game lasted 00:09:43 (1116 turns).

tidbits the Charmwright (Gnoll Skald)               Turns: 1116, Time: 00:09:44

Health: -6/63      AC:  2    Str: 15    XL:     8   Next: 24%
Magic:  14/16      EV: 15    Int: 17    God:
Gold:   156        SH:  0    Dex: 14    Spells: 7/18 levels left

rFire    . . .     SeeInvis .   a - +0 hand axe
rCold    + . .     Gourm    .   (no shield)
rNeg     . . .     Faith    .   p - -1 leather armour (curse)
rPois    .         Spirit   .   (no helmet)
rElec    .         Reflect  .   (no cloak)
rCorr    .         Harm     .   (no gloves)
MR       +....                  (no boots)
Stlth    ++........             (no amulet)
HPRegen  0.20/turn              k - ring of protection from cold
MPRegen  0.15/turn              o - ring of protection from magic

@: singing, hasted, very quick
A: distributed training, fangs 1, strong nose
a: no special abilities


You were on level 7 of the Dungeon.
You were hungry.

You visited 1 branch of the dungeon, and saw 8 of its levels.

You collected 156 gold pieces.

Inventory:

Hand Weapons
 a - a +0 hand axe (weapon)
 e - a +6 scythe of venom
   (You took it off Sigmund on level 2 of the Dungeon)
 g - a +0 dagger
 j - a +0 blowgun
Missiles
 m - 16 arrows
Armour
 b - a +0 leather armour
 p - a cursed -1 leather armour (worn)
Jewellery
 k - a ring of protection from cold (left hand)
   (You found it on level 4 of the Dungeon)
 o - a ring of protection from magic (right hand)
   (You found it on level 6 of the Dungeon)
Scrolls
 n - 2 scrolls of teleportation
 q - a scroll of vulnerability {unknown}
 r - 4 scrolls of remove curse
Potions
 f - 2 potions of degeneration {unknown}
 h - 3 potions of ambrosia
 i - a potion of agility
 l - a potion of haste
Books
 c - a book of Battle

   Spells                             Type                      Level
   a - Infusion                       Charms                       1
   b - Shroud of Golubria             Charms/Translocation         2
   c - Song of Slaying                Charms                       2
   d - Spectral Weapon                Hexes/Charms                 3
   e - Regeneration                   Charms/Necromancy            3
Comestibles
 d - 5 rations


   Skills:
 + Level 5.5 Fighting
 + Level 3.0 Short Blades
 + Level 3.0 Long Blades
 + Level 5.5 Axes
 + Level 3.0 Maces & Flails
 + Level 3.0 Polearms
 + Level 3.0 Staves
 + Level 3.0 Slings
 + Level 3.0 Bows
 + Level 3.0 Crossbows
 + Level 3.0 Throwing
 + Level 4.0 Armour
 + Level 5.5 Dodging
 + Level 3.0 Stealth
 + Level 3.0 Shields
 + Level 3.0 Unarmed Combat
 + Level 5.9 Spellcasting
 + Level 2.4 Conjurations
 + Level 2.4 Hexes
 + Level 6.0 Charms
 + Level 2.4 Summonings
 + Level 2.4 Necromancy
 + Level 2.4 Translocations
 + Level 2.4 Transmutations
 + Level 2.4 Fire Magic
 + Level 2.4 Ice Magic
 + Level 2.4 Air Magic
 + Level 2.4 Earth Magic
 + Level 2.4 Poison Magic
 + Level 3.3 Invocations
 + Level 3.0 Evocations


You had 7 spell levels left.
You knew the following spells:

 Your Spells              Type           Power        Failure   Level  Hunger
g - Shroud of Golubria    Chrm/Tloc      ###.......   4%          2    None
i - Infusion              Chrm           ####         1%          1    None
r - Regeneration          Chrm/Necr      ###.......   9%          3    ##.....
w - Spectral Weapon       Hex/Chrm       ###.....     9%          3    ##.....
y - Song of Slaying       Chrm           ####....     1%          2    None


Dungeon Overview and Level Annotations

Branches:
Dungeon (8/15)
 Temple: D:4-7         Lair: D:8-11

Altars:
Fedhas

Shops:
D:6 :


Innate Abilities, Weirdness & Mutations

Your experience applies equally to all skills.
You have very sharp teeth.
Your uncanny sense of smell can sniff out nearby items.


Message History

You swap places.
Casting: Spectral Weapon
Confirm with . or Enter, or press ? or * to list all spells.
Space distorts slightly along a thin shroud covering your body.
You barely miss the worker ant. The worker ant completely misses you.
Your spectral weapon hits the worker ant.
You hit the worker ant but do no damage.
The worker ant is lightly wounded.
Your spectral weapon closely misses the worker ant.
The worker ant waves its antennae.
The worker ant misses you. x2
You hit the worker ant but do no damage.
The worker ant is lightly wounded.
Your spectral weapon hits the worker ant.
The worker ant closely misses you.
You hit the worker ant.
The worker ant is moderately wounded.
Your spectral weapon hits the worker ant.
The worker ant closely misses you.
You hit the worker ant.
The worker ant is heavily wounded.
Your spectral weapon hits the worker ant.
The worker ant bites you.
You hit the worker ant.
You kill the worker ant!
Found a spear.
You swap places.
Casting: Shroud of Golubria
Confirm with . or Enter, or press ? or * to list all spells.
You start singing a song of slaying.
You hear a shout!
The orc wizard gestures wildly while chanting.
The orc wizard seems to speed up.
Unknown command.
You hit the orc wizard.
The orc wizard is lightly wounded.
Your spectral weapon hits the orc wizard.
The orc wizard hits you but does no damage.
You closely miss the orc wizard. Your bite misses the orc wizard.
The orc wizard is heavily wounded.
You hear a shout!
Your spectral weapon hits the orc wizard.
The orc wizard hits you but does no damage.
You hit the orc wizard.
The orc wizard is severely wounded.
You hear a shout!
Your spectral weapon hits the orc wizard!
You kill the orc wizard!
You hit the orc. You bite the orc, but do no damage.
The orc is lightly wounded.
Your spectral weapon misses the orc.
The orc closely misses you.
Unknown command.
You hit the orc but do no damage.
The orc is lightly wounded.
Your spectral weapon hits the orc!
You kill the orc!
Unknown command.
The orc shouts!
Unknown command.
You swap places.
You hit the orc. Your bite misses the orc.
The orc is severely wounded.
Your spectral weapon hits the orc.
You kill the orc!
You hit the orc.
The orc is moderately wounded.
Your spectral weapon closely misses the orc.
The orc closely misses you.
You swap places.
The orc closely misses you. The orc warrior misses you.
You see here a leather armour.
You hit the orc warrior but do no damage.
You hit the orc. The orc closely misses you.
Your spectral weapon barely misses the orc warrior.
The orc warrior hits you with a halberd!
Your shroud falls apart!
You hit the orc warrior but do no damage.
You closely miss the orc.
Your spectral weapon hits the orc warrior.
The orc misses you.
The orc warrior hits you with a halberd!!
* * * LOW HITPOINT WARNING * * *
You hit the orc warrior but do no damage.
The orc warrior is moderately wounded.
You closely miss the orc.
Your spectral weapon closely misses the orc warrior.
The orc completely misses you.
You hit the orc warrior.
The orc warrior is moderately wounded.
You closely miss the orc.
Your spectral weapon fades away.
The orc warrior barely misses you.
You closely miss the orc warrior.
The orc warrior is moderately wounded.
You hit the orc. The orc closely misses you.
The orc warrior hits you with a halberd!
* * * LOW HITPOINT WARNING * * *
It was a potion of haste.
You feel yourself speed up. The orc barely misses you.
The orc warrior hits you with a halberd!
You die...

.............#####.#r
...............# #.#.
...............# #.#.
.........[.....# #.#.
.........†.....# #.#.
####....#........#####...
∆ #<#
#...................
#.##.###)..###########...
#.........o@.....)...
....
#........####o..#######
##...
#........%...........
#...
#........############
#... #.o....... ####
#.o......## #........#


You could see an orc warrior and an orc.

Vanquished Creatures
  A centaur zombie (D:7)
  Sigmund (D:2)
  An eye of draining (D:7)
  2 ogres
  A bullfrog (D:7)
  A jelly (D:5)
  3 orc wizards (D:7)
  2 worker ants
  A hound skeleton (D:5)
  An ooze (D:5)
  3 worms
  A leopard gecko (D:5)
  9 orcs
  A ball python (D:2)
  4 bats (D:3)
  A giant cockroach (D:4)
  A goblin (D:3)
  2 hobgoblins
  2 jackals (D:7)
  2 kobolds
  A frilled lizard (D:5)
  A rat (D:2)
42 creatures vanquished.

Vanquished Creatures (others)
  A spectral weapon (D:4)
1 creature vanquished.

Grand Total: 43 creatures vanquished

Notes
Turn   | Place    | Note
-------+----------+-------------------------------------------
     0 | D:1      | tidbits the Gnoll Skald began the quest for the Orb.
     0 | D:1      | Reached XP level 1. HP: 20/20 MP: 6/6
    41 | D:2      | Noticed a worker ant
    50 | D:2      | Killed a worker ant
    50 | D:2      | Reached XP level 2. HP: 9/26 MP: 3/7
    50 | D:2      | Reached XP level 3. HP: 10/31 MP: 3/9
    54 | D:2      | Learned a level 2 spell: Song of Slaying
    58 | D:2      | Learned a level 3 spell: Regeneration
    62 | D:2      | Learned a level 2 spell: Shroud of Golubria
    66 | D:2      | Learned a level 3 spell: Spectral Weapon
   104 | D:2      | Reached skill level 5 in Spellcasting
   163 | D:2      | Noticed Sigmund
   190 | D:2      | Killed Sigmund
   190 | D:2      | Reached skill level 1 in Short Blades
   190 | D:2      | Reached skill level 1 in Long Blades
   190 | D:2      | Reached skill level 1 in Maces & Flails
   190 | D:2      | Reached skill level 1 in Polearms
   190 | D:2      | Reached skill level 1 in Staves
   190 | D:2      | Reached skill level 1 in Slings
   190 | D:2      | Reached skill level 1 in Bows
   190 | D:2      | Reached skill level 1 in Crossbows
   190 | D:2      | Reached skill level 1 in Throwing
   190 | D:2      | Reached skill level 3 in Armour
   190 | D:2      | Reached skill level 1 in Stealth
   190 | D:2      | Reached skill level 1 in Shields
   190 | D:2      | Reached skill level 1 in Unarmed Combat
   190 | D:2      | Reached skill level 1 in Conjurations
   190 | D:2      | Reached skill level 1 in Hexes
   190 | D:2      | Reached skill level 1 in Summonings
   190 | D:2      | Reached skill level 1 in Necromancy
   190 | D:2      | Reached skill level 1 in Translocations
   190 | D:2      | Reached skill level 1 in Transmutations
   190 | D:2      | Reached skill level 1 in Fire Magic
   190 | D:2      | Reached skill level 1 in Ice Magic
   190 | D:2      | Reached skill level 1 in Air Magic
   190 | D:2      | Reached skill level 1 in Earth Magic
   190 | D:2      | Reached skill level 1 in Poison Magic
   190 | D:2      | Reached skill level 1 in Invocations
   190 | D:2      | Reached skill level 1 in Evocations
   190 | D:2      | Reached XP level 4. HP: 25/38 MP: 2/11
   190 | D:2      | Reached XP level 5. HP: 28/43 MP: 2/12
   426 | D:4      | Noticed an ogre
   437 | D:4      | Killed an ogre
   437 | D:4      | Reached skill level 2 in Invocations
   437 | D:4      | Reached XP level 6. HP: 42/50 MP: 5/14
   561 | D:4      | Found a blossoming altar of Fedhas.
   566 | D:5      | Entered Level 5 of the Dungeon
   620 | D:5      | Reached skill level 5 in Fighting
   620 | D:5      | Reached skill level 5 in Axes
   620 | D:5      | Reached skill level 5 in Dodging
   625 | D:5      | Reached skill level 2 in Short Blades
   625 | D:5      | Reached skill level 2 in Long Blades
   625 | D:5      | Reached skill level 2 in Maces & Flails
   625 | D:5      | Reached skill level 2 in Polearms
   625 | D:5      | Reached skill level 2 in Staves
   625 | D:5      | Reached skill level 2 in Slings
   625 | D:5      | Reached skill level 2 in Bows
   625 | D:5      | Reached skill level 2 in Crossbows
   625 | D:5      | Reached skill level 2 in Throwing
   625 | D:5      | Reached skill level 2 in Stealth
   625 | D:5      | Reached skill level 2 in Shields
   625 | D:5      | Reached skill level 2 in Unarmed Combat
   625 | D:5      | Reached skill level 2 in Evocations
   802 | D:6      | Found Taonaaph's Book Emporium.
   823 | D:7      | Noticed an orc warrior
   848 | D:7      | Noticed an eye of draining
   856 | D:7      | Reached skill level 2 in Conjurations
   856 | D:7      | Reached skill level 2 in Hexes
   856 | D:7      | Reached skill level 2 in Summonings
   856 | D:7      | Reached skill level 2 in Necromancy
   856 | D:7      | Reached skill level 2 in Translocations
   856 | D:7      | Reached skill level 2 in Transmutations
   856 | D:7      | Reached skill level 2 in Fire Magic
   856 | D:7      | Reached skill level 2 in Ice Magic
   856 | D:7      | Reached skill level 2 in Air Magic
   856 | D:7      | Reached skill level 2 in Earth Magic
   856 | D:7      | Reached skill level 2 in Poison Magic
   856 | D:7      | Reached XP level 7. HP: 22/56 MP: 5/15
   860 | D:7      | Reached skill level 3 in Invocations
   911 | D:7      | Reached skill level 6 in Charms
   911 | D:7      | Reached XP level 8. HP: 19/63 MP: 5/16
  1044 | D:7      | Reached skill level 3 in Short Blades
  1044 | D:7      | Reached skill level 3 in Long Blades
  1044 | D:7      | Reached skill level 3 in Maces & Flails
  1044 | D:7      | Reached skill level 3 in Polearms
  1044 | D:7      | Reached skill level 3 in Staves
  1044 | D:7      | Reached skill level 3 in Slings
  1044 | D:7      | Reached skill level 3 in Bows
  1044 | D:7      | Reached skill level 3 in Crossbows
  1044 | D:7      | Reached skill level 3 in Throwing
  1044 | D:7      | Reached skill level 4 in Armour
  1044 | D:7      | Reached skill level 3 in Stealth
  1044 | D:7      | Reached skill level 3 in Shields
  1044 | D:7      | Reached skill level 3 in Unarmed Combat
  1044 | D:7      | Reached skill level 3 in Evocations
  1116 | D:7      | Mangled by an orc warrior

Skill      XL: |  1  2  3  4  5  6  7  8 |
---------------+-------------------------+-----
Spellcasting   | 5 |  5.9
Short Blades   | 1 2 3 |  3.0
Long Blades    | 1 2 3 |  3.0
Maces & Flails | 1 2 3 |  3.0
Polearms       | 1 2 3 |  3.0
Staves         | 1 2 3 |  3.0
Slings         | 1 2 3 |  3.0
Bows           | 1 2 3 |  3.0
Crossbows      | 1 2 3 |  3.0
Throwing       | 1 2 3 |  3.0
Armour         | 3 4 |  4.0
Stealth        | 1 2 3 |  3.0
Shields        | 1 2 3 |  3.0
Unarmed Combat | 1 2 3 |  3.0
Conjurations   | 1 2 |  2.4
Hexes          | 1 2 |  2.4
Summonings     | 1 2 |  2.4
Necromancy     | 1 2 |  2.4
Translocations | 1 2 |  2.4
Transmutations | 1 2 |  2.4
Fire Magic     | 1 2 |  2.4
Ice Magic      | 1 2 |  2.4
Air Magic      | 1 2 |  2.4
Earth Magic    | 1 2 |  2.4
Poison Magic   | 1 2 |  2.4
Invocations    | 1 2 3 |  3.3
Evocations     | 1 2 3 |  3.0
Fighting       | 5 |  5.5
Axes           | 5 |  5.5
Dodging        | 5 |  5.5
Charms         | 6 |  6.0

Action                   |  1- 3 |  4- 6 |  7- 9 || total
-------------------------+-------+-------+-------++-------
Melee: Hand axe          |    19 |    62 |    29 ||   110
       Bite              |     6 |     9 |     5 ||    20
 Cast: Infusion          |     1 |       |       ||     1
       Spectral Weapon   |     3 |     9 |     3 ||    15
       Regeneration      |     3 |     2 |     2 ||     7
       Shroud of Golubri |     1 |     1 |     2 ||     4
       Song of Slaying   |       |     3 |     1 ||     4
  Use: Scroll            |     3 |     1 |     1 ||     5
       Potion            |     2 |       |     1 ||     3
 Stab: Sleeping          |     1 |       |       ||     1
       Distracted        |       |     2 |       ||     2
  Eat: Chunk             |       |     1 |     1 ||     2
Armor: Leather armour    |     2 |     8 |     2 ||    12
Dodge: Dodged            |    14 |    47 |    18 ||    79

Table legend:
 A = Turns spent in this place as a percentage of turns spent in the entire game.
 B = Non-inter-level travel turns spent in this place as a percentage of non-inter-level travel turns spent in the entire game.
 C = Inter-level travel turns spent in this place as a percentage of turns spent in this place.
 D = Turns resting spent in this place as a percentage of non-inter-level travel turns spent in this place.
 E = Turns spent auto-exploring this place as a percentage of non-inter-level travel turns spent in this place.
 F = Non-inter-level travel turns spent in this place divided by the number of levels of this place that you've seen.
                   A       B       C       D       E      F
               +-------+-------+-------+-------+-------+----------------------
         Total | 100.0 | 100.0 |   0.0 |   0.0 |   0.0 | 139.5
       Dungeon | 100.0 | 100.0 |   0.0 |   0.0 |   0.0 | 139.5
               +-------+-------+-------+-------+-------+----------------------

Table legend:
 A = Kills in this place as a percentage of kills in entire the game.
 B = Kills by you in this place as a percentage of kills by you in the entire game.
 C = Kills by friends in this place as a percentage of kills by friends in the entire game.
 D = Other kills in this place as a percentage of other kills in the entire game.
 E = Experience gained in this place as a percentage of experience gained in the entire game.
 F = Experience gained in this place divided by the number of levels of this place that you have seen.
                   A       B       C       D       E      F
               +-------+-------+-------+-------+-------+----------------------
         Total | 100.0 | 100.0 |   N/A |   N/A | 100.0 | 184.9
       Dungeon | 100.0 | 100.0 |   N/A |   N/A | 100.0 | 184.9
               +-------+-------+-------+-------+-------+----------------------

Vault maps used:
D:1:      dpeg_arrival_fog
D:2:      gammafunk_temple_overflow_claw, first_ration, trog_book, uniq_sigmund
D:3:      st_stairs_14, minmay_fountain_box
D:4:      fedhas_altar_3, sigmund_army
D:5:      hex_medium, goddamned_bats
D:6:      serial_shops, shop
D:7:      minmay_temple_entry_statues
D:8:      minmay_the_grid_octo_2x2, zaba_anthell
